cohdb
Replays
Latest Replays
All Replays
Popular Replays
Top Player Replays
Match Explorer
How It Works
Community
CoH3 Stats
Reddit
Sign in to upload your games and track your stats! →
Sign in with Steam
Match 42320880
Unlisted
Match 42320880
Overview
Messages
Build Orders
End
Construct Infanterie Kompanie
Kettenkrad Recon Vehicle
Selects Breakthrough Battlegroup
Selects Assault Grenadiers
Grenadier Squad
Grenadier Squad
MG 42 Machine Gun Team
Construct Panzergrenadier Kompanie
Panzergrenadier Squad
Selects Rapid Production
251 Medium Carrier
Pak 40 Anti-tank Gun Team
Panzergrenadier Squad
Construct Panzer Kompanie
Sturmpanzer IV Brummbär
Selects Blitzkrieg
Sturmpanzer IV Brummbär
MG 42 Machine Gun Team
Repair Bunker
Support Elements
Nebelwerfer 42 Rocket Launcher Team
Mustache and Melons
AR.193
Repugnnaz
NinjaAssassin
Vevlex
﴾✯﴿ Makora ﴾✯﴿
0
0
Comments
sign in to comment!
No comments posted yet!